 Dungeon Crawl Stone Soup version 0.31-a0-237-g2d982f9f85 (webtiles) character file.

Game seed: 1353710679151268549

57 qw the Shooter (level 3, -2/29 HPs)
             Began as a Minotaur Hexslinger on July 10, 2023.
             Killed from afar by a steam dragon (6 damage)
             ... with a ball of steam
             ... on level 3 of the Dungeon.
             The game lasted 00:00:31 (1789 turns).

qw the Shooter (Minotaur Hexslinger)                Turns: 1789, Time: 00:00:32

Health: -2/29      AC:  6    Str: 12    XL:     3   Next: 73%
Magic:  3/3        EV: 11    Int: 10    God:
Gold:   61         SH:  0    Dex: 14    Spells: 3/4 levels left

rFire   . . .        Y - +1 sling
rCold   . . .        (no shield)
rNeg    + . .        a - +0 ring mail
rPois   .            (helmet restricted)
rElec   .            (no cloak)
rCorr   .            (no gloves)
SInv    .            d - +0 pair of boots
Will    .....        (no amulet)
Stlth   +            i - ring of positive energy
HPRegen 0.24/turn    (no ring)
MPRegen 0.08/turn

%: no passive effects
@: no status effects
A: horns 2, retaliatory headbutt
a: no special abilities


You were on level 3 of the Dungeon.
You visited 1 branch of the dungeon, and saw 3 of its levels.

You collected 61 gold pieces.


Innate Abilities, Weirdness & Mutations

You have a pair of horns on your head.
You reflexively headbutt those who attack you in melee.


   Skills:
 - Level 2.1 Fighting
 - Level 4.1 Ranged Weapons
 + Level 0.7 Armour
 - Level 2.1 Dodging
 - Level 1.0 Spellcasting
 - Level 2.0 Hexes


You had 3 spell levels left.
You knew the following spells:

 Your Spells              Type           Power      Damage    Failure   Level
a - Slow                  Hex            16%        N/A       34%         1

Your spell library contained the following spells:

 Spells                   Type           Power      Damage    Failure   Level
 Inner Flame              Hex/Fire       2%         N/A       83%         3
 Portal Projectile        Hex/Tloc       4%         N/A       83%         3
 Cause Fear               Hex            2%         N/A       98%         4

Inventory:

Hand Weapons
 Y - a +1 sling (weapon)
Armour
 a - a +0 ring mail (worn)
 d - a +0 pair of boots (worn)
Jewellery
 i - a ring of positive energy (left hand)
Potions
 b - a potion of curing {unknown}
 e - a potion of brilliance {unknown}
 f - a potion of haste
 g - a potion of attraction {unknown}
 j - a potion of resistance

Dungeon Overview and Level Annotations

Branches:
Dungeon (3/15)

Altars:
Vehumet

Annotations:
D:2 1 runed translucent door, Crazy Yiuf


Message History

The sling bullet hits the hobgoblin.
The hobgoblin is severely wounded.
You shoot a sling bullet. The sling bullet hits the hobgoblin.
You kill the hobgoblin!
A steam dragon comes into view.
The steam dragon hisses angrily.
The steam dragon breathes steam at you. The ball of steam hits you!
The steam dragon moves out of view.
You hear a shout!
Enter note:
1783 ||| Stepping ~*~*~tactically~*~*~ (cloud).
Enter note: You shoot a sling bullet.
The sling bullet hits the steam dragon.
The steam dragon is lightly wounded.
An orc comes into view. It is wielding a +0 mace.
You shoot a sling bullet. The sling bullet hits the steam dragon.
The steam dragon is lightly wounded.
The steam dragon bites you but does no damage.
The steam dragon claws you.
You shoot a sling bullet. The sling bullet hits the steam dragon.
The steam dragon is moderately wounded.
The steam dragon bites you! The steam dragon claws you.
Enter note: You shoot a sling bullet.
The sling bullet hits the steam dragon.
The steam dragon is heavily wounded.
The steam dragon closely misses you. You furiously retaliate!
You headbutt the steam dragon. The steam dragon barely misses you.
An endoplasm comes into view.
The steam dragon barely misses you. The steam dragon closely misses you.
You shoot a sling bullet. The endoplasm quivers.
The sling bullet hits the steam dragon but does no damage.
The steam dragon is severely wounded.
The steam dragon bites you.
The steam dragon claws you but does no damage.
You shoot a sling bullet.
The sling bullet closely misses the steam dragon.
The steam dragon breathes steam at you. The ball of steam hits you.
You die...

.. .#..... .. J#.....
#.###.#..... #.#.........
#........... # #.....%....
#. #.D...# #.# #.@o..###
##..##.......#
###..........#.####
#.[.8#8.#.##.#.#.....
##.#.#S#.#.##>#...#..## .#
#....8#8.#.#.......%..##.#
#........#.#.#.....##.#.. .
#..........#.#.....##%.. #.
#...................#.###..


You could see a steam dragon (catching breath), an adder, an orc and an
endoplasm.

Vanquished Creatures
  2 adders
  3 worms (D:2)
  An orc (D:3)
  An endoplasm (D:2)
  A giant cockroach (D:1)
  3 hobgoblins
  5 kobolds
  2 quokkas
  A ball python (D:1)
  3 bats (D:1)
  2 frilled lizards
  4 goblins
  3 rats
31 creatures vanquished.

Notes
Turn   | Place    | Note
-------+----------+-------------------------------------------
     0 | D:1      | qw the Minotaur Hexslinger began the quest for the Orb.
     0 | D:1      | Reached XP level 1. HP: 16/16 MP: 1/1
     0 | D:1      | 0 ||| qw: Version: 0.3-a-52-g30416fa
     0 | D:1      | 0 ||| qw: Game counter: 5187
     0 | D:1      | 0 ||| qw: Melee chars always use a shield: true
     0 | D:1      | 0 ||| qw: God list: Okawaru
     0 | D:1      | 0 ||| qw: Allow faded altars: false
     0 | D:1      | 0 ||| qw: Do Orc after clearing Dungeon:15 true
     0 | D:1      | 0 ||| qw: Do second Lair branch before Depths: true
     0 | D:1      | 0 ||| qw: Lair rune preference: random
     0 | D:1      | 0 ||| qw: Goals: Normal
     0 | D:1      | 0 ||| PLANNING D:1-11
   370 | D:1      | Reached skill level 3 in Ranged Weapons
   389 | D:1      | Reached XP level 2. HP: 23/23 MP: 2/2
   809 | D:1      | 809 ||| READING scroll labelled JEPLEW ZUTEPRU.
   810 | D:1      | 810 ||| READING scroll labelled GEMUBREWNAI.
   811 | D:1      | 811 ||| DROPPING scroll of poison.
   827 | D:2      | Found a radiant altar of Vehumet.
   935 | D:2      | Reached XP level 3. HP: 27/29 MP: 3/3
  1477 | D:2      | Found a runed translucent door.
  1478 | D:2      | Noticed Crazy Yiuf
  1612 | D:2      | 1612 ||| UPGRADING to +0 ring mail.
  1622 | D:2      | 1622 ||| DROPPING +0 robe.
  1623 | D:2      | 1623 ||| UPGRADING to +0 pair of boots.
  1628 | D:2      | 1628 ||| UPGRADING to ring of positive energy.
  1629 | D:2      | 1629 ||| READING scroll labelled VIVUSSA UDUCA.
  1689 | D:2      | 1689 ||| READING scroll labelled QUUMUH NUM OMOXZE.
  1690 | D:2      | 1690 ||| DRINKING 2 golden potions.
  1691 | D:2      | 1691 ||| DRINKING 2 smoky golden potions.
  1739 | D:3      | Reached skill level 4 in Ranged Weapons
  1782 | D:3      | Noticed a steam dragon
  1783 | D:3      | 1783 ||| Stepping ~*~*~tactically~*~*~ (cloud).
  1786 | D:3      | HP: 6/29 [steam dragon (4)]
  1789 | D:3      | Killed from afar by a steam dragon

Levels and vault maps discovered:
D:1:      shiori_arrival_oz, layout_loops_ring, minmay_door_square,
          minmay_tree_intersection
D:2:      layout_loops_cross, basic_altar, kennysheep_cluttered_room,
          serial_park_tiny_2, uniq_crazy_yiuf_cottage
D:3:      layout_rooms, lemuel_round_altar, minmay_statues_item,
          lexackson_kobold_supper

Skill      XL: |  1  2  3 |
---------------+----------+-----
Ranged Weapons | 3 4 |  4.1
Fighting       | 2 |  2.1
Armour         | |  0.7
Dodging        | |  2.1
Spellcasting   | |  1.0
Hexes          | |  2.0

Action                     || total
---------------------------++-------
   Fire: Sling             ||   111
    Use: Scroll            ||     4
         Potion            ||     2
 Armour: Robe              ||     4
         Ring mail         ||     2
  Dodge: Dodged            ||    35

Table legend:
 A = Non-vault XP
 B = Vault XP
 C = Vault XP percentage of total XP
 D = Non-vault monster count
 E = Vault monster count
 F = Vault count percentage of total count
                 A         B        C        D         E       F
            +---------+---------+-------+---------+---------+-------
      Total |      79 |       3 |   3.7 |      29 |       2 |   6.5
            +---------+---------+-------+---------+---------+-------
        D:1 |      17 |       3 |  15.0 |      12 |       2 |  14.3
        D:2 |      41 |       0 |   0.0 |      11 |       0 |   0.0
        D:3 |      21 |       0 |   0.0 |       6 |       0 |   0.0
            +---------+---------+-------+---------+---------+-------
